[ AOE2 MATCH · #483341373 ]
Team RMGoths vs Dravidians
[ REPLAY ANALYSIS · EXTRACTED FROM THE RECORDED GAME ]
Feudal
—
Castle
—
Imperial
—
| APM avg | 17.9 |
| APM peak | 35 |
| eAPM avg | 9.2 |
| Villagers / military | 16 / 0 |
Focus
⚔️ 0.0% · 🌾 100.0%
Feudal
—
Castle
—
Imperial
—
| APM avg | 16.9 |
| APM peak | 68 |
| eAPM avg | 5.9 |
| Villagers / military | 26 / 0 |
Focus
⚔️ 0.0% · 🌾 100.0%
Feudal
—
Castle
—
Imperial
—
| APM avg | 8.6 |
| APM peak | 17 |
| eAPM avg | 4.1 |
| Villagers / military | 11 / 0 |
Focus
⚔️ 12.9% · 🌾 87.1%
Feudal
—
Castle
—
Imperial
—
| APM avg | 51.6 |
| APM peak | 90 |
| eAPM avg | 10.7 |
| Villagers / military | 36 / 0 |
Focus
⚔️ 1.2% · 🌾 98.8%
Match map
Initial resources + every placement click. Lines = walls · curves = elevation contours. ◆ gold · ⬟ stone · ● berries · ✦ relic · ◌ wall gap
Your base
dhruv4uvd's base
lI Lockz's base
VespidVeil98689's base
Smoothed initial terrain · ◌ = detected wall gap · hover for details
Inputs per minute
— DoN_888 - - dhruv4uvd
Build order — DoN_888
26 actions detected in the replay
| 0:01 | Research | Loom |
| 0:02 | Create | Villager (Male) |
| 0:02 | Create | Villager (Male) |
| 0:03 | Create | Villager (Male) |
| 0:03 | Create | Villager (Male) |
| 0:05 | Build | House |
| 0:08 | Build | House |
| 0:11 | Build | House |
| 2:03 | Create | Villager (Male) |
| 2:07 | Create | Villager (Male) |
| 2:33 | Create | Villager (Male) |
| 3:19 | Create | Villager (Male) |
| 3:20 | Create | Villager (Male) |
| 3:20 | Create | Villager (Male) |
| 3:20 | Create | Villager (Male) |
| 3:49 | Create | Villager (Male) |
| 4:14 | Create | Villager (Male) |
| 4:14 | Create | Villager (Male) |
| 5:23 | Build | Mill |
| 5:48 | Build | Lumber Camp |
| 5:55 | Create | Villager (Male) |
| 5:55 | Create | Villager (Male) |
| 8:11 | Research | Feudal Age |
| 8:43 | Build | House |
| 8:45 | Build | House |
| 8:47 | Build | House |
Build order — dhruv4uvd
18 actions detected in the replay
| 0:04 | Build | House |
| 0:06 | Build | House |
| 0:07 | Build | House |
| 0:12 | Build | House |
| 0:16 | Create | Villager (Male) ×4 |
| 0:16 | Create | Villager (Male) ×4 |
| 1:58 | Research | Loom |
| 2:11 | Create | Villager (Male) |
| 2:49 | Create | Villager (Male) |
| 3:05 | Create | Villager (Male) |
| 3:37 | Create | Villager (Male) |
| 4:01 | Create | Villager (Male) |
| 4:21 | Create | Villager (Male) |
| 4:49 | Create | Villager (Male) ×2 |
| 5:50 | Create | Villager (Male) ×3 |
| 6:52 | Create | Villager (Male) ×2 |
| 7:13 | Build | Mill |
| 7:38 | Create | Villager (Male) ×5 |
Build order — lI Lockz
18 actions detected in the replay
| 0:06 | Build | House |
| 0:10 | Build | House |
| 0:13 | Build | House |
| 1:39 | Build | Lumber Camp |
| 2:03 | Create | Villager (Male) |
| 2:04 | Create | Villager (Male) |
| 2:04 | Create | Villager (Male) |
| 3:27 | Create | Villager (Male) |
| 3:36 | Create | Villager (Male) |
| 4:42 | Create | Villager (Male) |
| 5:22 | Build | Mill |
| 5:31 | Create | Villager (Male) |
| 6:07 | Create | Villager (Male) |
| 6:45 | Create | Villager (Male) |
| 7:37 | Create | Villager (Male) |
| 7:37 | Create | Villager (Male) |
| 7:49 | Research | Loom |
| 8:25 | Build | Mill |
Build order — VespidVeil98689
38 actions detected in the replay
| 0:02 | Create | Villager (Male) |
| 0:03 | Create | Villager (Male) |
| 0:03 | Create | Villager (Male) |
| 0:05 | Build | House |
| 0:13 | Build | House |
| 0:15 | Create | Villager (Male) |
| 0:15 | Create | Villager (Male) |
| 2:43 | Create | Villager (Male) |
| 2:43 | Create | Villager (Male) |
| 2:43 | Create | Villager (Male) |
| 2:44 | Create | Villager (Male) |
| 2:44 | Create | Villager (Male) |
| 2:44 | Create | Villager (Male) |
| 3:13 | Create | Villager (Male) |
| 3:13 | Create | Villager (Male) |
| 4:31 | Create | Villager (Male) |
| 4:32 | Create | Villager (Male) |
| 4:32 | Create | Villager (Male) |
| 4:48 | Create | Villager (Male) |
| 4:48 | Create | Villager (Male) |
| 5:26 | Create | Villager (Male) |
| 5:26 | Create | Villager (Male) |
| 6:05 | Create | Villager (Male) |
| 6:06 | Create | Villager (Male) |
| 6:06 | Create | Villager (Male) |
| 6:06 | Create | Villager (Male) |
| 7:07 | Create | Villager (Male) |
| 7:07 | Create | Villager (Male) |
| 7:25 | Create | Villager (Male) |
| 7:36 | Create | Villager (Male) |
| 7:36 | Create | Villager (Male) |
| 7:36 | Create | Villager (Male) |
| 7:37 | Create | Villager (Male) |
| 7:37 | Create | Villager (Male) |
| 7:41 | Create | Villager (Male) |
| 7:41 | Create | Villager (Male) |
| 7:44 | Create | Villager (Male) |
| 7:44 | Create | Villager (Male) |
Match timeline
| 8:05 | VespidVeil98689 · resign |
[ AI ANALYSIS · 1 CREDIT ]
What really happened in this match?
Wolo.gg analyzes every decision: build order, eco, micro, common mistakes by bracket. Personalized analysis on WhatsApp or Discord in 30 seconds.
Civ guide
Goths
Map guide
Arena
Perfil
DoN_888